 Dungeon Crawl Stone Soup version 0.20.1-1-g8b1a95d (webtiles) character file.

112 polve the Changer (level 4, -2/32 HPs)
             Began as a Merfolk Transmuter on Aug 6, 2017.
             Splashed by a jelly's acid (7 damage)
             ... on level 2 of the Dungeon.
             The game lasted 00:02:15 (2522 turns).

polve the Changer (Merfolk Transmuter)              Turns: 2522, Time: 00:02:15

Health: -2/32      AC: -6    Str: 10    XL:     4   Next: 95%
Magic:  3/7        EV: 21    Int: 13    God:
Gold:   97         SH:  0    Dex: 19    Spells: 1/7 levels left

rFire    . . .     SeeInvis .     - Unarmed
rCold    . . .     Gourm    .   (shield currently unavailable)
rNeg     . . .     Faith    .   (armour currently unavailable)
rPois    x         Spirit   .   (helmet currently unavailable)
rElec    .         Reflect  .   (cloak currently unavailable)
rCorr    .         Harm     .   (gloves currently unavailable)
MR       .....                  (boots currently unavailable)
Stlth    ++........             (no amulet)
Regen    0.1/turn               (no ring)
MPRegen  0.1/turn               (no ring)

@: spider-form, corroded
A: (change form in water), (swift swim), (stealthy swim)
a: End Transformation


You were on level 2 of the Dungeon.
You were not hungry.
You were a venomous arachnid creature.
You visited 1 branch of the dungeon, and saw 2 of its levels.

You collected 97 gold pieces.

Inventory:

Missiles
 a - 54 arrows (quivered)
Armour
 b - a +0 robe (melded)
Jewellery
 l - a +4 amulet of reflection {unknown}
Scrolls
 f - a scroll of magic mapping {unknown}
 h - 2 scrolls of teleportation {unknown}
 i - a scroll of recharging {unknown}
 j - 3 scrolls of blinking {unknown}
 m - a scroll of fog {unknown}
Potions
 e - a potion of degeneration {unknown}
 k - a potion of berserk rage {unknown}
Books
 c - a book of Changes

   Spells                             Type                      Level
   a - Beastly Appendage              Transmutation                1
   b - Sticks to Snakes               Transmutation                2
   c - Spider Form                    Transmutation/Poison         3
   d - Ice Form                       Ice/Transmutation            4
   e - Blade Hands                    Transmutation                5
Comestibles
 d - 4 bread rations
 g - a royal jelly


   Skills:
 - Level 1.1 Fighting
 - Level 2.6 Dodging
 - Level 3.2 Unarmed Combat
 - Level 2.0 Spellcasting
 + Level 5.4 Transmutations
 + Level 2.7 Poison Magic


You had one spell level left.
You knew the following spells:

 Your Spells              Type           Power        Failure   Level  Hunger
a - Beastly Appendage     Tmut           ###...       10%         1    ##.....
b - Sticks to Snakes      Tmut           ###.....     13%         2    ###....
c - Spider Form           Tmut/Pois      ##........   32%         3    ####...


Dungeon Overview and Level Annotations

Branches:
Dungeon (2/15)

Altars:
Trog

Annotations:
D:2 2 transporters


Message History

A jelly is nearby!
A jelly is nearby!
Casting: Beastly Appendage
Confirm with . or Enter, or press ? or * to list all spells.
Your horns disappear.
You turn into a venomous arachnid creature.
Your +0 robe melds into your body.
The jelly hits you.
You are splashed with acid!
The acid burns!
* * * LOW HITPOINT WARNING * * *
You hit the jelly.
The jelly is poisoned.
Your front legs burn!
* * * LOW HITPOINT WARNING * * *
The jelly is moderately wounded.
The jelly misses you.
You hit the jelly. The acid corrodes you!
Your front legs burn!
* * * LOW HITPOINT WARNING * * *
The jelly is almost dead.
The jelly hits you.
* * * LOW HITPOINT WARNING * * *
The acid corrodes you!
You are splashed with acid!
The acid burns!
You die...

.....##.# #.#.#
.....##.# #.#.#
..##.##.# #.#.#
..##.##.# #.#.###
..##.##.# #.#...#
..#.....# #.#.###
.^#..#### #.#(#
..#..#############.#.#
..#............Js..#.#
..##.###############.#
.................# #.#
#..#.###########.# #.#
#.............##.# #.#
#.........###.##.# #.#
##...####.#.#.##.# #.#
###.......#<#.##.# #.#
###.>###..#.#.##.# #.#


You could see a jelly.

Vanquished Creatures
  Natasha (twice) (D:2)
  Terence (D:2)
  A worm (D:2)
  A dart slug (D:2)
  2 giant cockroaches (D:1)
  8 hobgoblins
  6 bats
  3 frilled lizards
  2 goblins (D:1)
  7 kobolds
  4 rats
37 creatures vanquished.

Vanquished Creatures (others)
  4 toadstools (D:1)
4 creatures vanquished.

Grand Total: 41 creatures vanquished

Notes
Turn   | Place    | Note
-------+----------+-------------------------------------------
     0 | D:1      | polve the Merfolk Transmuter began the quest for the Orb.
     0 | D:1      | Reached XP level 1. HP: 15/15 MP: 3/3
    51 | D:1      | Reached skill level 3 in Transmutations
   243 | D:1      | Reached XP level 2. HP: 21/21 MP: 3/5
   247 | D:1      | Learned a level 2 spell: Sticks to Snakes
   546 | D:1      | Reached skill level 4 in Transmutations
   985 | D:1      | Reached XP level 3. HP: 26/26 MP: 4/6
   990 | D:1      | Learned a level 3 spell: Spider Form
  1516 | D:2      | Found a transporter.
  1517 | D:2      | Found a bloodstained altar of Trog.
  1518 | D:2      | Found a transporter.
  1535 | D:2      | Reached skill level 1 in Poison Magic
  1769 | D:2      | Noticed Terence
  1784 | D:2      | Killed Terence
  1784 | D:2      | Reached XP level 4. HP: 18/32 MP: 0/7
  1947 | D:2      | Noticed Natasha
  1958 | D:2      | Killed Natasha
  1958 | D:2      | Reached skill level 5 in Transmutations
  2170 | D:2      | Noticed Natasha
  2178 | D:2      | Killed Natasha
  2522 | D:2      | Splashed by a jelly's acid

Skill      XL: |  1  2  3  4 |
---------------+-------------+-----
Transmutations | 3 4 5 |  5.4
Poison Magic   | 2 |  2.7
Fighting       | |  1.1
Dodging        | |  2.6
Unarmed Combat | |  3.2
Spellcasting   | |  2.0

Action                   |  1- 3 |  4- 6 || total
-------------------------+-------+-------++-------
Melee: Unarmed           |    94 |    30 ||   124
       Headbutt          |     5 |     5 ||    10
       Punch             |     1 |       ||     1
 Cast: Beastly Appendage |    18 |     4 ||    22
       Spider Form       |     2 |     3 ||     5
 Stab: Sleeping          |     2 |       ||     2
  Eat: Chunk             |     3 |     1 ||     4
       Royal jelly       |       |     1 ||     1
Armor: Robe              |    16 |     3 ||    19
Dodge: Dodged            |    79 |    15 ||    94
